 Dungeon Crawl Stone Soup version 0.13-a0-3016-gcb2faac (webtiles) character file.

183 PolkaDot the Stinger (level 4, -5/30 HPs)
             Began as a Vampire Venom Mage on Sept 10, 2013.
             Killed by divine providence
             ... invoked by an orc priest
              (12 damage)
             ... on Level 3 of the Dungeon.
             The game lasted 00:09:40 (2600 turns).

PolkaDot the Stinger (Vampire Venom Mage)           Turns: 2600, Time: 00:09:40

HP  -5/30        AC  3     Str  7      XL: 4   Next: 26%
MP   8/8         EV 12     Int 18      God:
Gold 97          SH  0     Dex 14      Spells:  2 memorised,  0 levels left

Res.Fire  : . . .   See Invis. : +   j - -2 dagger (curse)
Res.Cold  : . . .   Warding    : .   c - +0 elf robe
Life Prot.: + . .   Conserve   : .   (no shield)
Res.Poison: .       Res.Corr.  : +   (no helmet)
Res.Elec. : .       Clarity    : .   (no cloak)
Sust.Abil.: . .     Spirit.Shd : .   (no gloves)
Res.Mut.  : .       Stasis     : .   n - +0 pair of boots
Res.Rott. : .       Flight     : .   a - amulet of resist corrosion {unknown}
Saprovore : . . .                    (no ring)
                                     (no ring)

@: slightly resistant to hostile enchantments, stealthy
A: fangs 3, see invisible, unbreathing
a: Bat Form


You were on level 3 of the Dungeon.
You were not thirsty.

You visited 1 branch of the dungeon, and saw 3 of its levels.

You collected 77 gold pieces.

Inventory:

Hand weapons
 i - a +4,+2 elven short sword
 j - a cursed -2,-2 dagger (weapon)
Armour
 c - a +0 elven robe (worn)
 n - a +0 pair of boots (worn)
Scrolls
 d - a scroll of remove curse {unknown}
 f - 3 scrolls of teleportation {unknown}
 g - a scroll of identify {unknown}
 k - a scroll of curse armour {unknown}
 l - a scroll of curse weapon {unknown}
 o - a scroll of enchant weapon I {unknown}
 p - a scroll of fog {unknown}
Jewellery
 a - an amulet of resist corrosion (around neck) {unknown}
 h - an uncursed ring of ice {unknown}
Potions
 e - a potion of restore abilities
 m - a potion of resistance
 q - 2 potions of degeneration {unknown}
Books
 b - a Young Poisoner's Handbook

   Spells                             Type                      Level
   *Sting                             Conjuration/Poison           1
   Cure Poison                        Poison                       2
   Mephitic Cloud                     Conjuration/Poison/Air       3
   *Olgreb's Toxic Radiance           Poison                       4
   Venom Bolt                         Conjuration/Poison           5


   Skills:
 - Level 2.1 Dodging
 - Level 3.0 Stealth
 - Level 1.0 Spellcasting
 + Level 1.5 Conjurations
 * Level 4.7 Poison Magic


You couldn't memorise any spells.
You knew the following spells:

 Your Spells              Type           Power        Failure   Level  Hunger
a - Sting                 Conj/Pois      ##..         8%          1    ##.....
s - Olgreb's Toxic Radia  Pois           ###.....     28%         4    #####..


Dungeon Overview and Level Annotations

Branches:
Dungeon (3/27)

Altars:


Innate Abilities, Weirdness & Mutations

You have razor-sharp teeth.*
You have supernaturally acute eyesight.
You can survive without breathing.*


Message History

The bat misses you. The bat barely misses you.
You barely miss the bat.
The bat is moderately wounded.
The bat hits you. The bat barely misses you.
An orc priest comes into view. It is wielding an orcish hand axe.
You barely miss the bat.
The bat is moderately wounded.
The bat hits you but does no damage.
You closely miss the bat. Your bite misses the bat.
The bat is moderately wounded.
The bat hits you. The bat misses you. The bat closely misses you.
The orc priest mumbles some strange prayers to Beogh against you.
Pain shoots through your body!
* * * LOW HITPOINT WARNING * * *
The bat completely misses you. The bat misses you.
The bat hits you but does no damage.
The orc priest calls down the wrath of Beogh upon you.
Something smites you!
You die...

#.###
#########...#.# #.#
###......##.###.#
#.#
#............##.#
##### #.#
#.#.####.##..##.###
#.... #.# ...
#K##..##...# #.###
#.# ....
#.##..####.# #.#
..# #....###.##..#
#.# ###.###
..>.....g##..# #.#
#..>..#
.....o....b@.#
#(####.....#
.........###.#
#.(((.......
#....###.## .#
######)....#
....##...##.#
#..........#
#..[....#....#
#.##########
...###...#######.#
# ##....[.....#
############


You could see an orc priest, a goblin and a bat.

Vanquished Creatures
  A worker ant zombie (D:3)
  2 adders (D:2)
  2 worms
  A giant gecko (D:2)
  2 orcs (D:3)
  A ball python (D:1)
  6 bats
  A giant cockroach (D:2)
  2 hobgoblins
  6 kobolds
  4 quokkas
  5 giant newts
  5 goblins
  8 rats
46 creatures vanquished.

Notes
Turn   | Place    | Note
--------------------------------------------------------------
     0 | D:1      | PolkaDot, the Vampire Venom Mage, began the quest for the Orb.
     0 | D:1      | Reached XP level 1. HP: 13/13 MP: 4/4
   449 | D:1      | Reached XP level 2. HP: 19/19 MP: 1/5
   525 | D:1      | Reached skill level 4 in Poison Magic
  1128 | D:2      | Reached XP level 3. HP: 21/24 MP: 0/6
  1269 | D:2      | Reached skill level 1 in Conjurations
  1922 | D:3      | Reached XP level 4. HP: 13/30 MP: 8/8
  1970 | D:3      | Learned a level 4 spell: Olgreb's Toxic Radiance
  2600 | D:3      | Killed from afar by an orc priest

Action                   |  1- 3 |  4- 6 || total
-------------------------+-------+-------++-------
Melee: Unarmed           |    10 |       ||    10
       Dagger            |   135 |    29 ||   164
 Cast: Sting             |    50 |    18 ||    68
  Use: Potion            |     8 |       ||     8
 Stab: Sleeping          |     5 |       ||     5
